 Dungeon Crawl Stone Soup version 0.20-a0-493-g19c8d8d (webtiles) character file.

151 AlphabetPasta the Sneak (level 4, -10/33 HPs)
             Began as a Demigod Enchanter on Jan 18, 2017.
             Killed by divine providence
             ... invoked by an orc priest
              (16 damage)
             ... on level 3 of the Dungeon on Jan 19, 2017.
             The game lasted 00:18:49 (3869 turns).

AlphabetPasta the Sneak (Demigod Enchanter)         Turns: 3869, Time: 00:18:49

Health: -10/33     AC:  2    Str: 11    XL:     4   Next: 85%
Magic:  4/10       EV: 12    Int: 19    God:
Gold:   104        SH:  4    Dex: 18    Spells: 1/7 levels left

rFire    . . .     SeeInvis .   a - +1 dagger
rCold    . . .     Gourm    .   b - +0 robe
rNeg     . . .     Faith    .   i - +0 buckler
rPois    .         Spirit   .   (no helmet)
rElec    .         Reflect  .   (no cloak)
rCorr    .         Harm     .   (no gloves)
MR       .....                  (no boots)
Stlth    +++.......             (no amulet)
Regen    0.2/turn               (no ring)
                                (no ring)

@: very slightly contaminated
A: high mp 1
a: no special abilities


You were on level 3 of the Dungeon.
You were not hungry.

You visited 1 branch of the dungeon, and saw 3 of its levels.

You collected 104 gold pieces.

Inventory:

Hand Weapons
 a - a +1 dagger (weapon)
Armour
 b - a +0 robe (worn)
 i - a +0 buckler (worn)
Jewellery
 g - an uncursed ring of ice {unknown}
 l - a +4 ring of slaying {unknown}
 u - an uncursed ring of see invisible {unknown}
Scrolls
 e - 2 scrolls of amnesia
 k - a scroll of recharging
 p - a scroll of remove curse {unknown}
 r - a scroll of teleportation {unknown}
 t - a scroll of fear {unknown}
Potions
 h - a potion of brilliance
 q - a potion of resistance
 s - a potion of curing {unknown}
Books
 c - a book of Maledictions

   Spells                             Type                      Level
   a - Corona                         Hexes                        1
   b - Ensorcelled Hibernation        Hexes/Ice                    2
   c - Confuse                        Hexes                        3
   d - Tukima's Dance                 Hexes                        3
   e - Dazzling Spray                 Conjuration/Hexes            3
Comestibles
 d - 2 bread rations
 f - 10 chunks of flesh
 o - 2 beef jerkies


   Skills:
 * Level 1.6 Short Blades
 + Level 2.2 Dodging
 * Level 3.7 Stealth
 + Level 1.2 Shields
 + Level 2.2 Spellcasting
 * Level 3.3 Hexes
 + Level 0.6 Ice Magic


You had one spell level left.
You knew the following spells:

 Your Spells              Type           Power        Failure   Level  Hunger
a - Corona                Hex            ##.....      10%         1    #......
b - Ensorcelled Hibernat  Hex/Ice        #.....       17%         2    ##.....
c - Confuse               Hex            ##......     21%         3    ###....


Dungeon Overview and Level Annotations

Branches:
Dungeon (3/15)


Innate Abilities, Weirdness & Mutations

You have an increased reservoir of magic. (+10% MP)


Message History

* * * LOW HITPOINT WARNING * * *
Some of the chunks of flesh in your inventory have rotted away.
Casting: Ensorcelled Hibernation
Confirm with . or Enter, or press ? or * to list all spells.
Aiming: Confuse
Press: ? - help, Shift-Dir - straight line, f - orc priest
Aim: an orc priest, wielding a club and wearing a scale mail (chance to defeat MR: 45%)
The orc priest resists with some effort.
The orc priest hits you but does no damage.
Casting: Confuse
Confirm with . or Enter, or press ? or * to list all spells.
Aiming: Confuse
Press: ? - help, Shift-Dir - straight line, f/p - orc priest
Aim: an orc priest, wielding a club and wearing a scale mail (chance to defeat MR: 45%)
You miscast Confuse.
You are very lightly contaminated with residual magic.
Nothing appears to happen.
The orc priest invokes the aid of Beogh against you.
Beogh smites you!
You die...

######....+...g.....'............
.......####.........####........#
#####..# ... ##.#.##### #...# ...
#.#.##### .....# .. #........
..<...# #' ###.##### .#.....#
##.## #.# #.##...##.###..o####
#.# # ##### #.....@...# #.#
#.###...##.# #.# #.....#.# #.#
##...##.#######.#
#......>.......# #......#########
##.##### #. #.


You could see an orc priest.

Vanquished Creatures
  6 adders
  5 worms (D:2)
  3 dart slugs (D:2)
  A leopard gecko (D:2)
  6 orcs
  2 ball pythons (D:2)
  10 bats
  4 giant cockroaches
  5 goblins
  7 hobgoblins
  2 jackals (D:1)
  5 kobolds
  2 quokkas
  5 frilled lizards
  8 rats
71 creatures vanquished.

Notes
Turn   | Place    | Note
-------+----------+-------------------------------------------
     0 | D:1      | AlphabetPasta the Demigod Enchanter began the quest for the Orb.
     0 | D:1      | Reached XP level 1. HP: 14/14 MP: 5/5
   114 | D:1      | Reached skill level 1 in Short Blades
   776 | D:1      | Reached XP level 2. HP: 18/20 MP: 7/7
   780 | D:1      | Learned a level 2 spell: Ensorcelled Hibernation
  1571 | D:2      | Learned a level 2 spell: Ensorcelled Hibernation
  1720 | D:2      | Found a shimmering altar of Xom.
  1753 | D:2      | Reached XP level 3. HP: 26/26 MP: 8/8
  1769 | D:2      | Found a faded altar of an unknown god.
  1861 | D:2      | Found a radiant altar of Vehumet.
  2024 | D:2      | Learned a level 3 spell: Confuse
  2211 | D:2      | Found a sparkling altar of Nemelex Xobeh.
  2348 | D:2      | Noticed a moth of wrath
  2350 | D:2      | Found a bloodstained altar of Trog.
  2548 | D:2      | Reached skill level 1 in Shields
  2552 | D:2      | Reached XP level 4. HP: 26/33 MP: 0/9
  3538 | D:3      | Found a blossoming altar of Fedhas.
  3869 | D:3      | Killed from afar by an orc priest

Vault maps used:
D:1:      minmay_arrival_arboretum_large
D:2:      xom_teletrap_fun, nemelex_xobeh_ov_fountains_minmay, tgw_trog,
          lemuel_crystal_altar, chequers_ecumenical_altar_simple_redux
D:3:      lemuel_round_altar, minmay_fountain_box

Skill      XL: |  1  2  3 |
---------------+----------+-----
Short Blades   | 1 |  1.6
Stealth        | 3 |  3.7
Dodging        | 2 |  2.2
Spellcasting   | 2 |  2.2
Hexes          | 3 |  3.3
Shields        | 1 |  1.2
Ice Magic      | |  0.6

Action                   |  1- 3 |  4- 6 || total
-------------------------+-------+-------++-------
Melee: Dagger            |   176 |    76 ||   252
 Cast: Corona            |     8 |       ||     8
       Ensorcelled Hiber |    12 |    18 ||    30
       Confuse           |       |     1 ||     1
  Use: Scroll            |     6 |       ||     6
       Potion            |       |     1 ||     1
 Stab: Sleeping          |    16 |     8 ||    24
       Distracted        |     2 |       ||     2
  Eat: Chunk             |     6 |     1 ||     7
       Meat ration       |       |     1 ||     1
Armor: Robe              |    22 |    13 ||    35
Dodge: Dodged            |    72 |    38 ||   110
Block: Buckler           |    21 |    14 ||    35
